 Dungeon Crawl Stone Soup version 0.31.0-12-g77e489cdc1 (webtiles) character file.

Game seed: 4230110622507972929

2078 PriceMaster the Carver (level 9, -11/29 HPs)
             Began as a Minotaur Fighter on Feb 17, 2024.
             Was an Initiate of Yredelemnul.
             Mangled by an ice beast (16 damage)
             ... on level 6 of the Dungeon.
             The game lasted 00:09:51 (6064 turns).

PriceMaster the Carver (Minotaur Fighter)           Turns: 6064, Time: 00:09:51

Health: -11/29     AC:  2    Str: 24    XL:     9   Next: 6%
Magic:  8/8        EV: 11    Int:  5    God:    Yredelemnul [......]
Gold:   221        SH:  5    Dex: 11    Spells: 8/8 levels left

rFire   + . .        a - +0 long sword
rCold   x . .        c - +0 buckler
rNeg    . . .        y - melded +0 plate armour
rPois   .            g - +2 hat
rElec   .            (no cloak)
rCorr   .            (no gloves)
SInv    .            (no boots)
Will    .....        k - amulet of the acrobat
Stlth   ++           o - ring of fire
HPRegen 0.24/turn    q - ring of flight
MPRegen 0.11/turn

%: acrobat
@: maw-form, flying
A: devouring maw, reduced hp, horns 2, retaliatory headbutt
a: Begin Untransformation, Renounce Religion, Recall Undead Harvest


You were on level 6 of the Dungeon.
You worshipped Yredelemnul.
Yredelemnul was noncommittal.
You were a creature with a mouth for a stomach.
You visited 1 branch of the dungeon, and saw 6 of its levels.

You collected 221 gold pieces.

Inventory:

Hand Weapons
 a - a +0 long sword (weapon)
 d - a +0 dagger
Armour
 b - a +0 scale mail
 c - a +0 buckler (worn)
 g - a +2 hat (worn)
 i - a +0 barding
 y - a +0 plate armour (melded)
Jewellery
 k - an amulet of the acrobat (around neck)
 o - a ring of fire (left hand)
 q - a ring of flight (right hand)
Talismans
 h - a beast talisman
 A - a maw talisman (active)
Wands
 l - a wand of mindburst (10)
 v - a wand of charming (3)
Scrolls
 e - 5 scrolls of teleportation {unknown}
 f - 6 scrolls of identify {unknown}
 j - 4 scrolls of revelation {unknown}
 m - a scroll of enchant armour {unknown}
 n - a scroll of noise {unknown}
 p - a scroll of immolation {unknown}
 u - a scroll of amnesia {unknown}
 x - 2 scrolls of enchant weapon {unknown}
Potions
 r - a potion of brilliance {unknown}
 s - 3 potions of ambrosia {unknown}
 t - a potion of experience {unknown}
 w - a potion of heal wounds {unknown}
 z - a potion of curing


   Skills:
 + Level 5.8 Fighting
 + Level 8.4 Long Blades
 + Level 7.8 Armour
 + Level 1.8 Dodging
 + Level 1.7 Stealth
 + Level 5.1 Shields
 + Level 0.2 Evocations
 * Level 3.8 Shapeshifting


You had 8 spell levels left.
You didn't know any spells.
Your spell library contained the following spells:

 Spells                   Type           Power      Damage    Failure   Level
 Apportation              Tloc           0%         N/A       54%         1
 Necrotise                Necr           0%         1d4       54%         1
 Sting                    Conj/Alch      0%         1d3       54%         1
 Summon Small Mammal      Summ           0%         N/A       54%         1
 Call Imp                 Summ           0%         N/A       67%         2
 Cigotuvi's Dreadful Rot  Necr/Alch/Air  0%         N/A       67%         2
 Sublimation of Blood     Necr           0%         N/A       67%         2
 Dispel Undead            Necr           0%         3d6       99%         4
 Martyr's Knell           Necr/Summ      0%         N/A       99%         4
 Summon Hydra             Summ           0%         N/A       100%        7
 Death Channel            Necr           Unusable   N/A       N/A         6

Dungeon Overview and Level Annotations

Branches:
Dungeon (6/15)
 Temple: D:4-7

Altars:
Hepliaklqana
Trog
Xom
Yredelemnul

Shops:
D:3 :   D:5 :

Annotations:
D:3 Jessica


Innate Abilities, Weirdness & Mutations

You are a creature with a mouth for a stomach.
Your midsection houses a second, enormous mouth.
Your maximum health is decreased, since you lack skill for your form.
You have a pair of horns on your head.
You reflexively headbutt those who attack you in melee.


Message History

The ice beast hits your orc zombie. The ice beast freezes your orc zombie.
Your orc zombie resists.
Your hound zombie barely misses the ice beast.
The ice beast hits your orc zombie.
Your orc zombie is destroyed!
Your hound zombie closely misses the ice beast.
Your hound zombie bites the ice beast.
The ice beast misses you. You furiously retaliate!
You headbutt the ice beast, but do no damage.
You hit the ice beast but do no damage. You bite the ice beast.
You kill the ice beast!
You swap places.
Your hound zombie closely misses the ice beast.
The ice beast hits your hound zombie.
The ice beast freezes your hound zombie.
Your hound zombie resists.
There is a stone staircase leading up here.
You swap places.
The ice beast completely misses you. You furiously retaliate!
You headbutt the ice beast.
Your hound zombie bites the ice beast but does no damage.
You barely miss the ice beast.
The ice beast is heavily wounded.
Your hound zombie bites the ice beast.
The ice beast hits you. The ice beast freezes you!!
You feel a terrible chill!
Ouch! That really hurt!
* * * LOW HITPOINT WARNING * * *
You hit the ice beast. Your headbutt misses the ice beast.
The ice beast is heavily wounded.
Your hound zombie bites the ice beast.
The ice beast barely misses you. You furiously retaliate!
You headbutt the ice beast! You hit the ice beast.
Your headbutt misses the ice beast. Your bite misses the ice beast.
The ice beast is almost dead.
Your hound zombie bites the ice beast but does no damage.
The ice beast hits you.
* * * LOW HITPOINT WARNING * * *
The ice beast freezes you!
You feel a terrible chill!
Ouch! That really hurt!
You die...
Your body rises from the dead as a mindless zombie.

..........#..##.#..#..#
####...##.Z###.#..#..#
#...###........#..Z
#...# #####.......#
#...# ####.####
###...## #.# #......#
#.# #.##<#.## #.####
##...WZ..# #.....
#....Y#..# ######
##.(...#..#####
.................
.####.#.##.###### #.#.#
.# #.... .# ###.# ##
#.#


You could see an ice beast (ally target) and a friendly hound zombie.

Vanquished Creatures
  The ghost of PriceMaster the Covered, an amateur MiFi of Okawaru (D:4)
  A black bear (D:4)
  2 ice beasts
  2 ogres (D:5)
  2 orc warriors
  2 phantoms (D:5)
  2 bullfrogs
  5 scorpions
  2 bombardier beetles (D:4)
  A jelly (D:4)
  2 hounds
  A gnoll bouda (D:5)
  An orc priest (D:4)
  A sleepcap (D:4)
  An iguana (D:5)
  An orc wizard (D:3)
  Robin (D:2)
  4 gnolls (D:5)
  7 adders
  2 shadow imps
  2 dart slugs
  2 ribbon worms
  14 orcs
  4 bats
  13 endoplasms
  3 giant cockroaches
  10 goblins
  6 hobgoblins
  2 jackals (D:4)
  5 quokkas
  10 ball pythons
  3 frilled lizards
  4 kobolds
  3 rats
122 creatures vanquished.

Vanquished Creatures (collateral kills)
  A phantom (D:5)
  A scorpion (D:4)
  An orc priest (D:4)
  An iguana (D:4)
  A gnoll (D:5)
  An adder (D:4)
  5 orcs
  2 jackals (D:5)
  A frilled lizard (D:3)
14 creatures vanquished.

Vanquished Creatures (others)
  2 bullfrog zombies
  A scorpion zombie (D:6)
  2 adder zombies (D:4)
  An endoplasm zombie (D:4)
  4 gnoll zombies (D:5)
  A goblin zombie (D:4)
  2 jackal zombies
  4 orc zombies
17 creatures vanquished.

Grand Total: 153 creatures vanquished

Notes
Turn   | Place    | Note
-------+----------+-------------------------------------------
     0 | D:1      | PriceMaster the Minotaur Fighter began the quest for the
                  | Orb.
     0 | D:1      | Reached XP level 1. HP: 19/19 MP: 0/0
   317 | D:1      | Reached XP level 2. HP: 25/27 MP: 1/1
   647 | D:2      | Reached skill level 3 in Long Blades
   717 | D:2      | Reached XP level 3. HP: 31/33 MP: 2/2
   878 | D:2      | Noticed Robin
   890 | D:2      | Killed Robin
  1109 | D:2      | Reached skill level 4 in Long Blades
  1452 | D:2      | Reached XP level 4. HP: 28/40 MP: 3/3
  1736 | D:3      | Found a faded altar of an unknown god.
  1737 | D:3      | Found a hazy altar of Hepliaklqana.
  1761 | D:3      | Prayed at the altar of an unknown god.
  1761 | D:3      | Became a worshipper of Yredelemnul the Dark
  1761 | D:3      | Reached * piety under Yredelemnul
  1874 | D:3      | Found Ythryh Heat's Book Shop.
  1969 | D:3      | Found a shimmering altar of Xom.
  1972 | D:3      | Found a bloodstained altar of Trog.
  2002 | D:3      | Reached XP level 5. HP: 43/46 MP: 4/4
  2195 | D:3      | Reached ** piety under Yredelemnul
  2205 | D:3      | Noticed Jessica
  2362 | D:4      | Noticed a black bear
  2376 | D:4      | Killed a black bear
  2377 | D:4      | Reached skill level 1 in Shapeshifting
  2396 | D:4      | Reached skill level 5 in Long Blades
  2396 | D:4      | Reached skill level 1 in Dodging
  2396 | D:4      | Reached XP level 6. HP: 32/53 MP: 5/5
  2586 | D:4      | Reached skill level 5 in Armour
  2856 | D:4      | Found a glowing drain.
  2872 | D:4      | Found a runed translucent gate.
  2872 | D:4      | Found a runed translucent gate.
  2872 | D:4      | Found a runed translucent gate.
  2896 | D:4      | Reached XP level 7. HP: 55/60 MP: 6/6
  2897 | D:4      | Noticed PriceMaster's ghost (amateur MiFi)
  2899 | D:4      | Identified the +4 ring mail "Wunudwumn" {rElec Str+2 Dex+9
                  | Stlth-}
  2901 | D:4      | Reached *** piety under Yredelemnul
  2957 | D:4      | Reached skill level 6 in Long Blades
  2981 | D:4      | Killed PriceMaster's ghost
  2986 | D:4      | HP: 3/60 [orc priest/divine providence (15)]
  3477 | D:5      | Entered Level 5 of the Dungeon
  3543 | D:5      | Reached skill level 5 in Fighting
  3832 | D:5      | Reached XP level 8. HP: 68/68 MP: 7/7
  3885 | D:5      | Reached skill level 7 in Long Blades
  4472 | D:5      | Found Xyukyix's Book Shop.
  4831 | D:5      | Reached skill level 5 in Shields
  5038 | D:5      | Reached skill level 8 in Long Blades
  5038 | D:5      | Reached skill level 1 in Stealth
  6019 | D:6      | Reached XP level 9. HP: 70/75 MP: 8/8
  6064 | D:6      | Mangled by an ice beast

Illustrated notes

Levels and vault maps discovered:
D:1:      lightli_arrival_isolated_outpost, layout_loops_cross
D:2:      layout_basic, uniq_robin
D:3:      layout_loops_cross, chequers_temple_overflow_statue_of_worship,
          beargit_hepliaklqana_dungeon_heroes, mainiacjoe_overflow_alcove_2,
          serial_shops, nicolae_shop_behind_doors, minivault_14,
          dreamdust_mushroom_princess, wander_ebering_terrifying_dragon_lair,
          uniq_jessica
D:4:      minmay_inner_zag, layout_basic, portal_sewer_entry_c,
          biasface_ghost_orc_armoury
D:5:      layout_layer_cave, serial_shops, shop
D:6:      layout_loops_cross, minmay_temple_entry_tees, serial_shops,
          nicolae_shop_advertising_works [nicolae_subvault_shop_adworks],
          uniq_eustachio

Skill      XL: |  1  2  3  4  5  6  7  8 |
---------------+-------------------------+-----
Armour         | 4 5 6 7 |  7.8
Long Blades    | 3 4 5 6 8 |  8.4
Shields        | 4 5 |  5.1
Fighting       | 4 5 |  5.8
Shapeshifting  | 1 2 3 |  3.8
Dodging        | 1 |  1.8
Stealth        | 1 |  1.7
Evocations     | |  0.2

Action                     |  1- 3 |  4- 6 |  7- 9 || total
---------------------------+-------+-------+-------++-------
  Melee: Long sword        |    78 |   108 |   143 ||   329
         Headbutt          |     9 |    23 |    27 ||    59
         Maw               |       |       |     1 ||     1
 Invoke: Recall Undead Har |       |       |     1 ||     1
  Evoke: Wand              |       |       |     4 ||     4
    Use: Potion            |     2 |     1 |     6 ||     9
   Stab: Distracted        |       |       |     1 ||     1
 Armour: Scale mail        |    68 |    75 |    65 ||   208
         Plate armour      |       |       |    23 ||    23
         Skin              |       |       |     2 ||     2
  Dodge: Dodged            |    63 |    56 |    76 ||   195
  Block: Buckler           |    26 |    17 |    33 ||    76
   Form: Beast             |     1 |     1 |     5 ||     7
                           |       |     1 |     2 ||     3
         Maw               |       |       |     4 ||     4
